[Event "36th European Club Cup 2021"]
[Site "Struga"]
[Date "2021.09.20"]
[Round "3.27"]
[White "Asadli, Vugar"]
[Black "Roiz, Michael"]
[Result "1/2-1/2"]
[ECO "C67"]
[WhiteElo "2578"]
[BlackElo "2580"]
[Annotator "ChessBase"]
[PlyCount "127"]
[EventDate "2021.09.18"]
[EventType "team-tourn"]
[EventCountry "MKD"]
[SourceTitle "playchess.com"]
[Source "ChessBase"]
[SourceQuality "1"]
[TimeControl "40/5400+30:1800+30"]

1. e4 e5 2. Nf3 Nc6 3. Bb5 Nf6 4. O-O Nxe4 5. d4 Nd6 6.
Bxc6 dxc6 7. dxe5 Nf5 8. Qxd8+ Kxd8 9. Nc3 Bd7 10. Rd1 Kc8 11. b3 b6 12. Bb2 Be7 13. Rd2 h5 14. Rad1 Be6 15. Ne4 Kb7 16.
Nfg5 Bxg5 17. Nxg5 Rae8 18. g3 Kc8 19. h3 c5 20. Kg2 Rd8 21.
Kf3 Rxd2 22. Rxd2 Ne7 23. c4 Rf8 24. Rd1 Rh8 25. Ke3 Ng6 26.
f3 Ne7 27. g4 hxg4 28. fxg4 Nc6 29. Kf3 Nb4 30. a4 Nc6 31. Bc3 Rd8 32. Rxd8+ Kxd8 33. Ke4 Ke7 34. Nf3 Bc8 35. Nh4 g6 36. Nf3 Nd8 37. Ke3 Ne6 38. Nd2 Bb7 39. h4 Kf8 40. Nf1 a5 41. Ng3 Kg7 42. Ne4 Bc6 43.
Nf6 Bg2 44. Nd5 Bh3 45. Nf6 Bg2 46. Kf2 Bh1 47. h5 Kh6 48.
Bd2+ g5 49. Be3 Kg7 50. Bc1 Kh6 51. Ke3 Bg2 52. Kf2 Bh1 53.
Kg3 Kg7 54. Be3 Kh6 55. Kf2 Kg7 56. Bc1 Kh6 57. Ke3 Bg2 58.
Bb2 Kg7 59. Ne4 Kh6 60. Bc1 Bh1 61. Ng3 Bg2 62. Kf2 Bc6 63.
Be3 Bb7 64. Nf5+ 1/2-1/2

[Event "36th European Club Cup 2021"]
[Site "Struga"]
[Date "2021.09.20"]
[Round "3.29"]
[White "Sadikhov, Ulvi"]
[Black "Postny, Evgeny"]
[Result "1/2-1/2"]
[ECO "A28"]
[WhiteElo "2509"]
[BlackElo "2564"]
[Annotator "ChessBase"]
[PlyCount "81"]
[EventDate "2021.09.18"]
[EventType "team-tourn"]
[EventCountry "MKD"]
[SourceTitle "playchess.com"]
[Source "ChessBase"]
[SourceQuality "1"]
[TimeControl "40/5400+30:1800+30"]

1. c4 Nf6 2. Nc3 e5 3. Nf3 Nc6 4. e4 Bb4 5. d3 d6 6. a3 Bc5 7. b4 Bb6 8. Na4 Bd4 9. Nxd4 Nxd4 10. Be2 a5 11. b5 Nd7 12. Be3 Nxe2 13.
Qxe2 O-O 14. O-O f5 15. exf5 Rxf5 16. f4 exf4 17. Rxf4 Nf8 18. Rxf5 Bxf5 19. Qf3 Qc8 20. Rf1 Be6 21. Nc3 Ng6 22. Bd4 c5 23. bxc6 Qxc6 24. Qg3 Rf8 25. Re1 d5 26. cxd5 Bxd5 27. h4 Qd7 28. h5 Nf4 29. h6 Nxg2 30. hxg7 Nxe1 31. gxf8=Q+ Kxf8 32. Bc5+ Kf7 33. Qf4+ Kg6 34. Qg3+ Kf7 35. Qf4+ Kg6 36. Qg3+ Kf7 37. Kf2 Nc2 38. Qf4+ Kg6 39. Qg3+ Kf7 40. Qf4+ Kg6 41. Qg3+ 1/2-1/2

[Event "36th European Club Cup 2021"]
[Site "Struga"]
[Date "2021.09.20"]
[Round "3.30"]
[White "Steinberg, Nitzan"]
[Black "Ibrahimli, Murad"]
[Result "1-0"]
[ECO "C80"]
[WhiteElo "2537"]
[BlackElo "2436"]
[Annotator "ChessBase"]
[PlyCount "73"]
[EventDate "2021.09.18"]
[EventType "team-tourn"]
[EventCountry "MKD"]
[SourceTitle "playchess.com"]
[Source "ChessBase"]
[SourceQuality "1"]
[TimeControl "40/5400+30:1800+30"]

1. e4 e5 2. Nf3 Nc6 3. Bb5 a6 4. Ba4 Nf6 5. O-O Nxe4 6. d4 b5 7. Bb3 d5 8. dxe5 Be6 9. Nbd2 Nc5 10. c3 Qd7 11. Nd4 Bg4 12. f3 Bh5 13.
Bc2 Ne6 14. Nxc6 Qxc6 15. Nb3 Qb6+ 16. Kh1 Rd8 17. g4 Bg6 18. f4 Bxc2 19. Qxc2 d4 20. f5 Qc6+ 21. Qg2 Qxg2+ 22. Kxg2 Nc5 23. cxd4 Na4 24. Bg5 Rd5 25. Rac1 Kd7 26. Rc2 Nb6 27. Rfc1 Nc4 28. Na5 h6 29. Nxc4 hxg5 30. Ne3 Rxd4 31. Rxc7+ Ke8 32. Rc8+ Rd8 33. Nd5 Rh6 34. R1c7 a5 35. Rxd8+ Kxd8 36. Rxf7 Bc5 37. e6 1-0

[Event "36th European Club Cup 2021"]
[Site "Struga"]
[Date "2021.09.20"]
[Round "3.34"]
[White "Urkedal, Frode Olav Olsen"]
[Black "Van Meegen, Ruud"]
[Result "1/2-1/2"]
[ECO "D38"]
[WhiteElo "2568"]
[BlackElo "2291"]
[Annotator "ChessBase"]
[PlyCount "123"]
[EventDate "2021.09.18"]
[EventType "team-tourn"]
[EventCountry "MKD"]
[SourceTitle "playchess.com"]
[Source "ChessBase"]
[SourceQuality "1"]
[TimeControl "40/5400+30:1800+30"]

1. d4 Nf6 2. c4 e6 3. Nf3 d5 4. Nc3 Bb4 5. Qa4+ Nc6 6. a3 Bxc3+ 7. bxc3 O-O 8.
Bg5 h6 9. Bh4 g5 10. Bg3 Ne4 11. Qc2 Kg7 12. e3 h5 13. Ne5 Nxe5 14. Bxe5+ f6 15. Bg3 c5 16. f3 Nxg3 17. hxg3 Rh8 18. Kf2 Qd6 19. Bd3 Bd7 20. Qb2 b6 21. Rad1 Ba4 22. Bc2 Bxc2 23. Qxc2 Rad8 24. cxd5 exd5 25. a4 Qe6 26. a5 Rd7 27. axb6 axb6 28. Rb1 Re7 29. Qd3 Rhe8 30. Rhe1 Ra7 31. Re2 Ra3 32. Reb2 cxd4 33. Qxd4 Qe5 34. Rb3 Qxd4 35. cxd4 Rxb3 36. Rxb3 Re6 37. Rb5 Rd6 38. Ke2 Kf7 39. Kd3 f5 40. Rb1 Re6 41. Rc1 Re7 42. Ra1 Rb7 43. Rh1 Kg6 44. e4 fxe4+ 45. fxe4 dxe4+ 46. Kxe4 Re7+ 47. Kd3 Ra7 48. Ke4 Re7+ 49. Kd3 Ra7 50. g4 hxg4 51. Rb1 Ra2 52. Rxb6+ Kf5 53. Rb5+ Kf4 54. g3+ Kxg3 55. Rxg5 Kf4 56. Rg8 g3 57. Rf8+ Kg4 58. Rg8+ Kf3 59. Rf8+ Kg4 60. Rg8+ Kf3 61. Rf8+ Kg4 62. Rg8+ 1/2-1/2

[Event "36th European Club Cup 2021"]
[Site "Struga"]
[Date "2021.09.20"]
[Round "3.35"]
[White "Perkampus, Laurin"]
[Black "Haldorsen, Benjamin"]
[Result "0-1"]
[ECO "A65"]
[WhiteElo "2010"]
[BlackElo "2465"]
[Annotator "ChessBase"]
[PlyCount "104"]
[EventDate "2021.09.18"]
[EventType "team-tourn"]
[EventCountry "MKD"]
[SourceTitle "playchess.com"]
[Source "ChessBase"]
[SourceQuality "1"]
[TimeControl "40/5400+30:1800+30"]

1. d4 Nf6 2. c4 c5 3. d5 e6 4. Nc3 d6 5. Nf3 g6 6. e4 Bg7 7. h3 O-O 8. Bg5 exd5 9. cxd5 Re8 10. Bd3 a6 11. a4 h6 12. Be3 Nbd7 13. O-O g5 14. Qd2 Nf8 15. Rae1 g4 16. hxg4 Nxg4 17. Bf4 Ng6 18. Bg3 h5 19. Qg5 Bf6 20. Qxh5 Kg7 21. e5 dxe5 22. Bf5 Bxf5 23. Qxf5 Qc8 24. Qxc8 Raxc8 25. Re4 Nh6 26. Rfe1 Nf5 27. Bxe5 Bxe5 28. Nxe5 Nd6 29. R4e3 Nxe5 30. Rxe5 Rxe5 31. Rxe5 b5 32. Ne4 Nxe4 33.
Rxe4 Rd8 34. axb5 axb5 35. Re5 b4 36. b3 f6 37. Rf5 c4 38.
Rf4 c3 39. Rc4 Rxd5 40. Kh2 Rd1 41. Kg3 Rb1 42. Kf3 Rxb3 43.
Ke2 Rb2+ 44. Kd3 Kg6 45. f3 Kf5 46. g4+ Kg5 47. Rc5+ Kh4 48.
Rc6 c2 49. Kd2 b3 50. Rxf6 Rb1 51. Rh6+ Kg3 52. Rc6 Rd1+ 0-1

[Event "36th European Club Cup 2021"]
[Site "Struga"]
[Date "2021.09.20"]
[Round "3.36"]
[White "Ranaldi, Lucas"]
[Black "Winkels, Marcel"]
[Result "1-0"]
[ECO "E62"]
[WhiteElo "2325"]
[BlackElo "1992"]
[Annotator "NA"]
[PlyCount "65"]
[EventDate "2021.09.18"]
[EventType "team-tourn"]
[EventCountry "MKD"]
[SourceTitle "playchess.com"]
[Source "ChessBase"]
[SourceQuality "1"]
[TimeControl "40/5400+30:1800+30"]

1. Nf3 Nf6 2. c4 g6 3. Nc3 Bg7 4. g3 O-O 5. Bg2 d6 6. d4 Nc6 7. O-O Bf5 8. Ne1 e5 9. d5 Ne7 10. e4 Bd7 11. Nd3 Ne8 12. f4 a6 13.
fxe5 dxe5 14. Be3 Kh8 15. Qd2 Ng8 16. Rf2 Nd6 17. b3 f5 18.
Re1 fxe4 19. Rxf8 Qxf8 20. Nc5 Qe7 21. N3xe4 Nxe4 22. Bxe4 Nf6 23. Bg2 Bc8 24. h3 Rb8 25. Kh2 b6 26. Nd3 Bf5 27. Nxe5 Qxe5 28. Bf4 Qc3 29. Qxc3 Ng4+ 30. hxg4 Bxc3 31. Re3 Bd2 32. Be5+ Kg8 33. Re2 1-0

[Event "36th European Club Cup 2021"]
[Site "Struga"]
[Date "2021.09.20"]
[Round "3.38"]
[White "Cvitan, Ognjen"]
[Black "Miladinovic, Igor"]
[Result "1/2-1/2"]
[ECO "D36"]
[WhiteElo "2470"]
[BlackElo "2536"]
[Annotator "ChessBase"]
[PlyCount "64"]
[EventDate "2021.09.18"]
[EventType "team-tourn"]
[EventCountry "MKD"]
[SourceTitle "playchess.com"]
[Source "ChessBase"]
[SourceQuality "1"]
[TimeControl "40/5400+30:1800+30"]

1. d4 d5 2. c4 e6 3. Nc3 Nf6 4. cxd5 exd5 5. Bg5 c6 6. Qc2 Be7 7. e3 Nbd7 8. Bd3 O-O 9. Nge2 Re8 10. O-O Nf8 11. f3 Ng6 12. Rad1 Qd7 13.
Qb3 Nh5 14. Bxe7 Qxe7 15. e4 Qg5 16. Qc2 Nhf4 17. Nxf4 Nxf4 18. Qd2 Nh3+ 19. Kh1 Qxd2 20. Rxd2 Nf4 21. Bc2 dxe4 22. fxe4 Ng6 23. Bb3 Rf8 24. Rdf2 Be6 25. d5 cxd5 26. exd5 Bd7 27. d6 Be6 28. Bxe6 fxe6 29. Kg1 Rad8 30. Ne4 Rxf2 31. Rxf2 Ne5 32. Rc2 Nf7 1/2-1/2

[Event "36th European Club Cup 2021"]
[Site "Struga"]
[Date "2021.09.20"]
[Round "3.39"]
[White "Perunovic, Milos"]
[Black "Breder, Dennis"]
[Result "1-0"]
[ECO "B62"]
[WhiteElo "2566"]
[BlackElo "2463"]
[Annotator "ChessBase"]
[PlyCount "115"]
[EventDate "2021.09.18"]
[EventType "team-tourn"]
[EventCountry "MKD"]
[SourceTitle "playchess.com"]
[Source "ChessBase"]
[SourceQuality "1"]
[TimeControl "40/5400+30:1800+30"]

1. e4 c5 2. Nf3 Nc6 3. d4 cxd4 4. Nxd4 Nf6 5. Nc3 d6 6. Bg5 e6 7. Bb5 Bd7 8. Qd3 h6 9. Bh4 g5 10. Bxc6 bxc6 11. Bg3 Nh5 12. O-O-O Rg8 13. Nb3 e5 14. Nd2 Qc7 15. Nc4 Rg6 16. Rd2 Rd8 17. Rhd1 Be7 18. Ne3 g4 19. Qc4 Qb6 20. Kb1 Be6 21. Qa4 Rb8 22. b3 Qc5 23. Ncd5 Bd8 24. Nc4 Kf8 25. Nxe5 dxe5 26. Bxe5 cxd5 27. Bxb8 Nf6 28. Bxa7 Qa5 29. exd5 Qxa4 30. bxa4 Bf5 31. Rd4 Ne4 32. Re1 Bb6 33. Bxb6 Rxb6+ 34. Kc1 Nd6 35. Re3 Rb8 36. Rc3 Bd7 37. a3 Ra8 38. Rb4 Ke7 39. Rc5 f5 40. f3 h5 41. a5 h4 42. h3 Ne8 43.
Rb6 Nf6 44. hxg4 fxg4 45. fxg4 Ne4 46. Rc7 Rxa5 47. Re6+ Kd8 48. Rxd7+ Kxd7 49. Rxe4 Rxd5 50. c3 Kc6 51.
Rc4+ Kb5 52. Rd4 Re5 53. Kd2 Kc5 54. a4 Re6 55. g5 Rg6 56.
Rg4 Kd5 57. Rxh4 Rxg5 58. Rd4+ 1-0

[Event "36th European Club Cup 2021"]
[Site "Struga"]
[Date "2021.09.20"]
[Round "3.40"]
[White "Brunner, Nicolas"]
[Black "Miljkovic, Miroslav D"]
[Result "0-1"]
[ECO "D37"]
[WhiteElo "2425"]
[BlackElo "2470"]
[Annotator "ChessBase"]
[PlyCount "76"]
[EventDate "2021.09.18"]
[EventType "team-tourn"]
[EventCountry "MKD"]
[SourceTitle "playchess.com"]
[Source "ChessBase"]
[SourceQuality "1"]
[TimeControl "40/5400+30:1800+30"]

1. d4 d5 2. c4 e6 3. Nf3 a6 4. cxd5 exd5 5. Nc3 Nf6 6. Bg5 Be6 7. e3 Nbd7 8. Bd3 Bd6 9. Bf4 Qe7 10. O-O O-O 11. h3 c6 12. Ne5 Rfd8 13.
Bh2 Nf8 14. f4 Bc8 15. Qf3 Ne8 16. Qf2 f6 17. Nf3 Bb4 18. f5 Nd6 19. Nd2 b5 20. a3 Ba5 21. b4 Bb6 22. Nb3 Nxf5 23. Bxf5 Bxf5 24. Qxf5 Qxe3+ 25. Kh1 Qxc3 26. Rf3 Qb2 27. Rc1 Rac8 28. Rfc3 Qe2 29. Bg1 Qe8 30. Re3 Qd7 31. Qc2 Re8 32. Rc3 Re6 33. Bh2 Ng6 34. Bg3 Ne7 35. Bh2 Re4 36. Bg1 Qe6 37. Qf2 Nf5 38. Qc2 Nxd4 0-1

[Event "36th European Club Cup 2021"]
[Site "Struga"]
[Date "2021.09.20"]
[Round "3.41"]
[White "Kosanovic, Goran A"]
[Black "Haag, Gregor"]
[Result "1/2-1/2"]
[ECO "D05"]
[WhiteElo "2311"]
[BlackElo "2370"]
[Annotator "NA"]
[PlyCount "97"]
[EventDate "2021.09.18"]
[EventType "team-tourn"]
[EventCountry "MKD"]
[SourceTitle "playchess.com"]
[Source "ChessBase"]
[SourceQuality "1"]
[TimeControl "40/5400+30:1800+30"]

1. d4 d5 2. Nf3 Nf6 3. e3 e6 4. Bd3 c5 5. c3 Nc6 6. Nbd2 Bd6 7. O-O O-O 8. dxc5 Bxc5 9. e4 Qc7 10. Qe2 b6 11. e5 Ng4 12. Bxh7+ Kxh7 13. Ng5+ Kg8 14. Qxg4 Qxe5 15. Nb3 Bd6 16. Qh3 Qf5 17. Qxf5 exf5 18. Nh3 Ba6 19. Rd1 Rad8 20. Bf4 Be7 21. Be3 Rfe8 22. Nf4 Bc4 23.
Nd4 Nxd4 24. Bxd4 Bd6 25. Be3 Bxf4 26. Bxf4 Re2 27. b3 Ba6 28. Be3 Bb7 29. a4 Rc8 30. Bd4 Rb2 31. b4 Rc2 32. Re1 Kf8 33.
Re5 g6 34. Re3 Bc6 35. f4 Re8 36. Rxe8+ Kxe8 37. a5 Bb5 38. axb6 axb6 39. Ra8+ Ke7 40. Rb8 Bd3 41. Rb7+ Ke8 42. Rxb6 g5 43. g3 g4 44. Rb7 Re2 45. b5 Re1+ 46. Kf2 Re2+ 47. Kg1 Re1+ 48. Kf2 Re2+ 49. Kg1 1/2-1/2

[Event "36th European Club Cup 2021"]
[Site "Struga"]
[Date "2021.09.20"]
[Round "3.42"]
[White "Heinz, Timothee"]
[Black "Stankovic, Milos"]
[Result "0-1"]
[ECO "D55"]
[WhiteElo "2394"]
[BlackElo "2409"]
[Annotator "NA"]
[PlyCount "74"]
[EventDate "2021.09.18"]
[EventType "team-tourn"]
[EventCountry "MKD"]
[SourceTitle "playchess.com"]
[Source "ChessBase"]
[SourceQuality "1"]
[TimeControl "40/5400+30:1800+30"]

1. Nf3 d5 2. d4 Nf6 3. c4 e6 4. Nc3 Be7 5. Bg5 O-O 6. e3 b6 7. cxd5 Nxd5 8. Bxe7 Qxe7 9. Nxd5 exd5 10. Rc1 Be6 11. Bd3 Rc8 12. O-O c5 13. e4 Nd7 14. dxc5 Rxc5 15. Rxc5 Qxc5 16. Ng5 h6 17. Nxe6 fxe6 18. exd5 exd5 19. Qg4 Nf6 20. Qe6+ Kh8 21. Re1 Qd4 22. Qf5 Qxb2 23. h3 Qa3 24. Re6 Rf8 25. Kh2 Qc5 26. Qg6 Kg8 27. Qg3 Ne4 28. Bxe4 dxe4 29. Rxe4 Qxf2 30. Re7 Qxg3+ 31. Kxg3 Rf7 32. Re8+ Rf8 33. Re7 Rf7 34. Re8+ Kh7 35. Ra8 Kg6 36. Kg4 Rc7 37. Kf4 Rc4+ 0-1

[Event "36th European Club Cup 2021"]
[Site "Struga"]
[Date "2021.09.20"]
[Round "3.46"]
[White "Lobersli, Henrik Oie"]
[Black "Lomasov, Semyon"]
[Result "0-1"]
[ECO "C11"]
[WhiteElo "1987"]
[BlackElo "2526"]
[Annotator "ChessBase"]
[PlyCount "68"]
[EventDate "2021.09.18"]
[EventType "team-tourn"]
[EventCountry "MKD"]
[SourceTitle "playchess.com"]
[Source "ChessBase"]
[SourceQuality "1"]
[TimeControl "40/5400+30:1800+30"]

1. e4 e6 2. d4 d5 3. Nc3 Nf6 4. e5 Nfd7 5. f4 c5 6. Nf3 a6 7. Be3 Qb6 8. a3 Nc6 9. Na4 Qa5+ 10. c3 c4 11. b4 cxb3 12. Qxb3 b5 13.
Nb2 Rb8 14. Kf2 Nb6 15. Be2 Nc4 16. a4 Nxe3 17. axb5 Ng4+ 18. Kg3 Qc7 19. Kxg4 Be7 20. Kg3 O-O 21. h3 axb5 22. Kh2 f6 23.
Rhb1 fxe5 24. fxe5 Bd7 25. Nd3 Be8 26. Qa2 Bg6 27. Rc1 Be4 28.
Nb4 Nxe5 29. dxe5 Bxf3 30. gxf3 Qxe5+ 31. Kh1 Bd6 32. Bd1 Qe1+ 33. Kg2 Rf6 34. Bb3 Rg6# 0-1

[Event "36th European Club Cup 2021"]
[Site "Struga"]
[Date "2021.09.20"]
[Round "3.47"]
[White "Arngrimsson, Dagur"]
[Black "Darnell, Anton"]
[Result "1-0"]
[ECO "D10"]
[WhiteElo "2383"]
[BlackElo "2006"]
[Annotator "NA"]
[PlyCount "65"]
[EventDate "2021.09.18"]
[EventType "team-tourn"]
[EventCountry "MKD"]
[SourceTitle "playchess.com"]
[Source "ChessBase"]
[SourceQuality "1"]
[TimeControl "40/5400+30:1800+30"]

1. d4 d5 2. c4 c6 3. cxd5 cxd5 4. Nc3 Nf6 5. Bf4 Nc6 6. e3 a6 7. Bd3 e6 8. Rc1 Bd6 9. Bg3 O-O 10. f4 Ne7 11. Bh4 Ng6 12. Bg5 Re8 13.
h4 Nf8 14. Nf3 b5 15. Qc2 Bb7 16. a3 Rc8 17. g4 Qd7 18. Bxf6 gxf6 19. g5 f5 20. h5 Rc7 21. Qb3 Rec8 22. Kf2 Qe7 23. Ne5 Bxe5 24. fxe5 h6 25. gxh6 Kh7 26. Rcg1 Kxh6 27. Qd1 Rxc3 28. bxc3 Rxc3 29. Qf3 Rxd3 30. Qf4+ Kh7 31. Qg3 f6 32. Qg8+ Kh6 33. Rg6+ 1-0

[Event "36th European Club Cup 2021"]
[Site "Struga"]
[Date "2021.09.20"]
[Round "3.48"]
[White "Hestvik, Elias"]
[Black "Lagerman, Robert"]
[Result "1/2-1/2"]
[ECO "C48"]
[WhiteElo "1860"]
[BlackElo "2300"]
[Annotator "NA"]
[PlyCount "79"]
[EventDate "2021.09.18"]
[EventType "team-tourn"]
[EventCountry "MKD"]
[SourceTitle "playchess.com"]
[Source "ChessBase"]
[SourceQuality "1"]
[TimeControl "40/5400+30:1800+30"]

1. e4 e5 2. Nf3 Nc6 3. Nc3 Nf6 4. Bb5 Nd4 5. Nxd4 exd4 6.
e5 dxc3 7. exf6 Qxf6 8. dxc3 c6 9. Bd3 d5 10. O-O Bd6 11.
Re1+ Be6 12. Be3 O-O 13. Qh5 g6 14. Qh6 Qg7 15. Qh4 Rfe8 16.
Bd4 g5 17. Bxg7 gxh4 18. Be5 Bf8 19. Bf6 Be7 20. Bxe7 Rxe7 21. Re3 h6 22. f4 Rae8 23. Rae1 Kf8 24. Kf2 Bd7 25. Kf3 c5 26. c4 dxc4 27. Rxe7 Rxe7 28. Rxe7 Kxe7 29. Bxc4 f5 30. Bd5 b5 31. c4 b4 32. Ke3 a5 33. Bg8 Bc6 34. g3 hxg3 35. hxg3 Be4 36. a3 Bc6 37. Kf2 Be4 38. Ke3 Bc6 39. Kf2 Be4 40. Ke3 1/2-1/2

[Event "36th European Club Cup 2021"]
[Site "Struga"]
[Date "2021.09.20"]
[Round "3.50"]
[White "Kristensen, Kaare Hove"]
[Black "Seo, Jung Min"]
[Result "1/2-1/2"]
[ECO "E06"]
[WhiteElo "2336"]
[BlackElo "2469"]
[Annotator "ChessBase"]
[PlyCount "91"]
[EventDate "2021.09.18"]
[EventType "team-tourn"]
[EventCountry "MKD"]
[SourceTitle "playchess.com"]
[Source "ChessBase"]
[SourceQuality "1"]
[TimeControl "40/5400+30:1800+30"]

1. d4 Nf6 2. c4 e6 3. g3 d5 4. Bg2 Be7 5. Nf3 O-O 6. O-O c6 7. Qc2 b6 8. Nbd2 Bb7 9. e4 Na6 10. a3 Rc8 11. b4 c5 12. exd5 exd5 13. dxc5 bxc5 14. b5 Nb8 15. Ne5 Qc7 16. Re1 Bd6 17. Nd3 Nbd7 18. Bb2 Rfe8 19. Rxe8+ Rxe8 20. cxd5 Bxd5 21. Bxd5 Nxd5 22. Nc4 Bf8 23.
Re1 Rxe1+ 24. Nxe1 N7b6 25. Nf3 h6 26. Nfe5 Nxc4 27. Nxc4 Qd7 28. Qe4 Ne7 29. Qf3 Qxb5 30. Nd6 Qxb2 31. Qxf7+ Kh7 32. Qxf8 Ng6 33. Qf5 Qxa3 34. Kg2 Qc3 35. Ne4 Qe5 36. Qxe5 Nxe5 37. Nxc5 a5 38. f4 Nc4 39. Na4 Kg6 40. g4 Kf6 41. Kg3 Nd2 42. h3 Nc4 43.
Kf3 Nd6 44. Ke3 Nc4+ 45. Kd4 Nd6 46. Kd5 1/2-1/2

[Event "36th European Club Cup 2021"]
[Site "Struga"]
[Date "2021.09.20"]
[Round "3.51"]
[White "Lokander, Martin"]
[Black "Sylvan, Jacob"]
[Result "1-0"]
[ECO "A37"]
[WhiteElo "2452"]
[BlackElo "2307"]
[Annotator "ChessBase"]
[PlyCount "111"]
[EventDate "2021.09.18"]
[EventType "team-tourn"]
[EventCountry "MKD"]
[SourceTitle "playchess.com"]
[Source "ChessBase"]
[SourceQuality "1"]
[TimeControl "40/5400+30:1800+30"]

1. Nf3 c5 2. g3 Nc6 3. Bg2 e5 4. c4 g6 5. Nc3 Bg7 6. d3 d6 7. Nd2 Nge7 8. Nf1 Be6 9. Ne3 O-O 10. O-O Rb8 11. Ned5 a6 12. a4 a5 13. Bg5 f6 14. Bd2 h6 15. Nb5 f5 16. e3 Bf7 17. Bc3 Kh7 18.
Qb3 Nxd5 19. Bxd5 Be8 20. Rad1 Nb4 21. Bg2 Qb6 22. Bxb4 axb4 23. Qc2 Rd8 24. Bd5 f4 25. Be4 Rd7 26. d4 fxe3 27. fxe3 Rxf1+ 28. Kxf1 cxd4 29. exd4 exd4 30. Qd3 Re7 31. b3 Qc5 32. Nxd4 Qh5 33. Nf3 Rf7 34. Kg2 Re7 35. Re1 Bf8 36. h3 Qc5 37. Bxb7 Rxe1 38. Nxe1 Qc7 39. Bd5 Qg7 40. Qd2 Qa1 41. Nd3 Bg7 42. Qe1 Qa2+ 43. Nf2 Bd7 44. Qe3 h5 45. Kf3 Bf5 46. g4 hxg4+ 47. hxg4 Bc2 48. c5 dxc5 49. Qe6 g5 50. Ne4 Bd1+ 51. Kg3 Bd4 52. Qg8+ Kh6 53. Qxg5+ Kh7 54. Qg8+ Kh6 55. g5+ Kh5 56. Qh7# 1-0

[Event "36th European Club Cup 2021"]
[Site "Struga"]
[Date "2021.09.20"]
[Round "3.52"]
[White "Hove, Esben Kjems"]
[Black "Ertan, Can"]
[Result "1-0"]
[ECO "D02"]
[WhiteElo "2315"]
[BlackElo "2384"]
[Annotator "NA"]
[PlyCount "65"]
[EventDate "2021.09.18"]
[EventType "team-tourn"]
[EventCountry "MKD"]
[SourceTitle "playchess.com"]
[Source "ChessBase"]
[SourceQuality "1"]
[TimeControl "40/5400+30:1800+30"]

1. d4 Nf6 2. Bf4 e6 3. e3 c5 4. c3 Nc6 5. Nd2 d5 6. Ngf3 h6 7. Bd3 Nh5 8. Be5 a6 9. h3 Nxe5 10. Nxe5 Nf6 11. O-O Bd6 12. f4 Bd7 13. Rf3 Qe7 14. Qe2 g6 15. e4 cxd4 16. cxd4 Bc7 17. Nxd7 Qxd7 18. e5 Ng8 19. Nb3 Qa4 20. Qc2 Bb6 21. Bxg6 Bxd4+ 22. Kh1 Ne7 23. Nxd4 Qxd4 24. Rd1 Qb6 25. Rb3 Qa7 26. Bd3 Nc6 27. Rc3 Rg8 28. f5 Qb6 29. fxe6 fxe6 30. Bg6+ Ke7 31. Bh5 Raf8 32. Rb3 Qc7 33. Rxb7 1-0

[Event "36th European Club Cup 2021"]
[Site "Struga"]
[Date "2021.09.20"]
[Round "3.53"]
[White "Arman, Deniz"]
[Black "Jakobsen, Peter"]
[Result "1-0"]
[ECO "B22"]
[WhiteElo "2336"]
[BlackElo "2202"]
[Annotator "NA"]
[PlyCount "79"]
[EventDate "2021.09.18"]
[EventType "team-tourn"]
[EventCountry "MKD"]
[SourceTitle "playchess.com"]
[Source "ChessBase"]
[SourceQuality "1"]
[TimeControl "40/5400+30:1800+30"]

1. e4 c5 2. c3 d5 3. exd5 Qxd5 4. d4 e6 5. Nf3 Nf6 6. Na3 Qd8 7. Nc4 Be7 8. Bf4 cxd4 9. Qxd4 O-O 10. Qxd8 Rxd8 11. Rd1 Rxd1+ 12. Kxd1 Nc6 13. Be2 b6 14. Kc2 Bb7 15. Rd1 Nd5 16. Bg3 Rd8 17. a4 f6 18. Nfd2 Bc8 19. Nf1 e5 20. Nfe3 Nxe3+ 21. Nxe3 Be6 22. Rxd8+ Bxd8 23. Bb5 Ne7 24. f4 exf4 25. Bxf4 Nd5 26. Nxd5 Bxd5 27. g3 a5 28. Kd3 Kf7 29. Bc4 Ke6 30. Kd4 Bxc4 31. Kxc4 g5 32. Bb8 f5 33. b4 axb4 34. cxb4 h5 35. h3 g4 36. h4 Be7 37. a5 bxa5 38.
bxa5 Bd6 39. Bxd6 Kxd6 40. Kd4 1-0

[Event "36th European Club Cup 2021"]
[Site "Struga"]
[Date "2021.09.20"]
[Round "3.54"]
[White "Andersen, Peter Vestergaard"]
[Black "Thorn, Eric"]
[Result "0-1"]
[ECO "C58"]
[WhiteElo "1833"]
[BlackElo "2292"]
[Annotator "NA"]
[PlyCount "80"]
[EventDate "2021.09.18"]
[EventType "team-tourn"]
[EventCountry "MKD"]
[SourceTitle "playchess.com"]
[Source "ChessBase"]
[SourceQuality "1"]
[TimeControl "40/5400+30:1800+30"]

1. e4 e5 2. Nf3 Nc6 3. Bc4 Nf6 4. Ng5 d5 5. exd5 Na5 6.
Bb5+ c6 7. dxc6 bxc6 8. Bd3 Nd5 9. Ne4 f5 10. Ng3 Qf6 11.
Nc3 Nf4 12. Bf1 Bc5 13. d3 O-O 14. Be3 Bd6 15. Nh5 Qg5 16.
Ng3 Qe7 17. Nge2 Ng6 18. f3 c5 19. Nd5 Qe6 20. Ndc3 Rb8 21.
b3 Bb7 22. Na4 Qe7 23. Nec3 e4 24. dxe4 fxe4 25. fxe4 Qh4+ 26. Kd2 Bf4 27. Qe2 Qh6 28. Nd1 Rbd8+ 29. Kc1 Rxd1+ 30. Qxd1 Bxe3+ 31. Kb2 Bxe4 32. Bd3 Bd4+ 33. Nc3 Qe3 34. Re1 Bxc3+ 35. Kxc3 Qd4+ 36. Kd2 Rf2+ 37. Re2 Bxd3 38. cxd3 Qb2+ 39. Ke3 Rxe2+ 40. Qxe2 Qxa1 0-1

[Event "36th European Club Cup 2021"]
[Site "Struga"]
[Date "2021.09.20"]
[Round "3.55"]
[White "Markoja, Boris"]
[Black "Dardha, Daniel"]
[Result "1-0"]
[ECO "A40"]
[WhiteElo "2453"]
[BlackElo "2521"]
[Annotator "ChessBase"]
[PlyCount "69"]
[EventDate "2021.09.18"]
[EventType "team-tourn"]
[EventCountry "MKD"]
[SourceTitle "playchess.com"]
[Source "ChessBase"]
[SourceQuality "1"]
[TimeControl "40/5400+30:1800+30"]

1. c4 b6 2. d4 e6 3. e4 Bb4+ 4. Nc3 Bb7 5. f3 f5 6. exf5 Nh6 7. fxe6 Nf5 8. Bf4 dxe6 9. Nge2 O-O 10. Qd2 Nc6 11. O-O-O Qf6 12. Be3 Qg6 13. Ng3 b5 14. Nxf5 exf5 15. cxb5 Ne7 16. Bc4+ Kh8 17. Qc2 a6 18. bxa6 Bxa6 19. Bb3 Bd6 20. h4 Nc6 21. h5 Qe8 22. Qd2 Na5 23. h6 g6 24. d5 Kg8 25. Ba4 Qf7 26. Qd4 Rfb8 27. b3 Rb4 28.
Qg7+ Qxg7 29. hxg7 Nb7 30. a3 Rxa4 31. Nxa4 Bxa3+ 32. Kc2 Bb4 33. Bd2 Bd6 34. Bc3 Bg3 35. Rxh7 1-0

[Event "36th European Club Cup 2021"]
[Site "Struga"]
[Date "2021.09.20"]
[Round "3.56"]
[White "Hera, Imre Jr."]
[Black "Subelj, Jan"]
[Result "1/2-1/2"]
[ECO "A30"]
[WhiteElo "2582"]
[BlackElo "2415"]
[Annotator "ChessBase"]
[PlyCount "60"]
[EventDate "2021.09.18"]
[EventType "team-tourn"]
[EventCountry "MKD"]
[SourceTitle "playchess.com"]
[Source "ChessBase"]
[SourceQuality "1"]
[TimeControl "40/5400+30:1800+30"]

1. Nf3 Nf6 2. g3 c5 3. Bg2 Nc6 4. O-O e5 5. c4 d5 6. cxd5 Nxd5 7. Nc3 Be6 8. d3 Be7 9. Bd2 O-O 10. Nxd5 Bxd5 11. Bc3 f6 12. a4 Nd4 13. Nd2 Bxg2 14. Kxg2 Kh8 15. Nc4 Re8 16. e3 Nc6 17. Qe2 Bf8 18.
Rad1 Qd7 19. b3 Rab8 20. h4 b5 21. axb5 Rxb5 22. Nd2 Rd8 23.
Qf3 Qd5 24. Ne4 Rxb3 25. g4 a5 26. Ra1 Nb4 27. Rxa5 Nxd3 28. Kg3 Qc4 29. Rfa1 Qd5 30. Ra7 Rb7 1/2-1/2